Map: Ulrena

Players

cUteOnE

  • Race: Terran Terran
  • League: Master

HTOMario - Winner!

  • Race: Terran Terran
  • League: Grandmaster

VOD

Have the link to the VOD?

Description

Time

  • Played on: Nov. 22, 2015, 1:05 p.m.
  • Length: 12:25
Show
View Real Time Build Order
Export as new Build Order

cUteOnE Terran 

Build Orders: 1/1/1, Bio Tank, MMM Bio 

Get SALT Encoding   

  12  0:01  SCV  
  14  0:21  SCV  
  14  0:24  Supply Depot  
  14  0:26  Refinery  
  14  0:33  SCV  
  15  0:45  SCV  
  15  0:49  Barracks  
  16  0:57  SCV  
  17  1:10  SCV  
  18  1:26  SCV  
  19  1:37  Factory  
  19  1:38  Orbital Command  
  19  1:39  Marine  
  20  1:47  Supply Depot  
  20  1:57  Marine  
  21  2:05  SCV  
  22  2:14  Marine  
  23  2:17  SCV  
  23  2:22  Starport  
  24  2:24  Widow Mine  
  24  2:26  Supply Depot  
  24  2:29  SCV  
  27  2:34  Marine  
  28  2:41  SCV  
  29  2:45  Refinery  
  29  2:52  Marine  
  29  2:54  SCV, Widow Mine  
  33  2:59  Supply Depot  
  33  3:03  Medivac  
  35  3:12  Marine  
  36  3:16  SCV  
  37  3:22  Command Center  
  37  3:25  Factory Tech Lab  
  37  3:38  SCV  
  37  3:39  Barracks Reactor, Viking  
  40  3:44  Supply Depot  
  40  3:50  SCV  
  41  4:01  Siege Tank  
  41  4:02  SCV  
  45  4:17  Barracks, Marine  
  45  4:18  Barracks  
  45  4:19  Supply Depot  
  45  4:22  Marine  
  45  4:23  SCV  
  46  4:37  SCV, Orbital Command  
  47  4:47  Siege Tank, Marine  
  51  4:56  SCV  
  52  5:05  Barracks Tech Lab  
  52  5:06  Barracks Reactor, Engineering Bay, Marine x2  
  54  5:10  SCV  
  54  5:13  Viking  
  57  5:18  SCV  
  58  5:22  SCV  
  59  5:30  SCV, Stimpack, Marine  
  59  5:34  SCV  
  62  5:38  Marine x2  
  62  5:41  Supply Depot  
  62  5:42  SCV  
  65  5:47  SCV  
  66  5:54  SCV  
  67  6:01  Marine x2  
  67  6:02  Marine x3  
  72  6:04  Starport Reactor  
  72  6:05  Siege Tank  
  75  6:15  Command Center  
  71  6:21  Marine x2  
  71  6:24  Terran Infantry Weapons Level 1  
  73  6:26  SCV  
  73  6:28  Marine x3  
  73  6:29  Barracks x2  
  77  6:39  Marine x2  
  79  6:44  Siege Tank  
  79  6:45  Marine x2  
  79  6:46  Marine  
  82  6:56  SCV, Marine x2  
  82  6:58  Refinery  
  82  6:59  Refinery  
  85  7:03  SCV  
  86  7:20  Barracks Reactor  
  86  7:22  Supply Depot  
  86  7:23  Supply Depot x2  
  86  7:26  SCV, Medivac, Marine x4  
  86  7:28  Orbital Command  
  93  7:30  SCV  
  93  7:31  Barracks Reactor  
  94  7:38  Marine  
  94  7:39  SCV  
  94  7:43  Combat Shields  
  96  7:44  Marine x4  
  96  7:48  Supply Depot  
  96  7:49  Missile Turret  
  100  7:56  Marine x2  
  100  7:57  Marine  
  103  8:02  Marine x4  
  103  8:03  SCV  
  103  8:04  SCV  
  109  8:06  SCV  
  110  8:15  Marine x2  
  110  8:19  SCV x2  
  112  8:23  Supply Depot  
  112  8:24  Supply Depot  
  113  8:27  SCV  
  113  8:41  Marine  
  113  8:42  Marine x5  
  113  8:43  Terran Infantry Armor Level 1  
  113  8:47  Engineering Bay  
  119  8:53  Armory  
  119  8:55  Missile Turret  
  119  8:56  Missile Turret  
  119  8:57  Medivac x2  
  123  9:03  Marine x2  
  123  9:09  Marine  
  125  9:10  Marine x5  
  125  9:13  Marine  
  132  9:21  Missile Turret, Marine  
  132  9:23  Missile Turret, Marine  
  134  9:27  Marine x2  
  129  9:33  Sensor Tower  
  129  9:38  Marine x2  
  123  9:42  Marine  
  123  9:43  Viking x2  
  123  9:45  Siege Tank, Marine  
  132  9:54  Marine x3  
  132  9:55  Marine x3  
  138  10:03  Marine  
  138  10:06  Supply Depot x2  
  139  10:07  Supply Depot  
  139  10:10  SCV x2  
  139  10:11  Marine x2  
  139  10:12  Marine  
  144  10:20  Siege Tank  
  147  10:23  Supply Depot  
  147  10:25  Supply Depot  
  110  10:45  Marine x2  
  110  10:46  Marine  
  110  10:47  Marine  
  113  10:55  Marine x4  
  110  10:57  Marine  
  110  11:03  Marine x3  
  112  11:05  Marine  
  113  11:13  Marine x4  
  113  11:15  Marine  
  118  11:21  Marine  
  105  11:42  Command Center  
  88  11:48  Marine x4  
  88  11:49  Marine x2  
  88  11:50  Siege Tank, Marine  
  96  11:58  Marine  
  96  11:59  Marine  
Show
View Real Time Build Order
Export as new Build Order

HTOMario Terran - Winner!

Build Orders: Bio Tank 

Get SALT Encoding   

  12  0:00  SCV  
  13  0:13  SCV  
  14  0:18  Supply Depot  
  14  0:25  SCV  
  15  0:39  SCV  
  15  0:41  Barracks  
  16  0:45  Refinery  
  16  0:51  SCV  
  17  1:03  SCV  
  18  1:16  SCV  
  19  1:31  Orbital Command  
  20  1:41  Marine  
  20  1:59  Command Center  
  20  2:01  Factory  
  20  2:05  Refinery, Marine  
  20  2:08  SCV  
  20  2:13  Supply Depot  
  21  2:20  SCV  
  22  2:26  Barracks Tech Lab  
  22  2:29  Refinery  
  22  2:33  SCV  
  22  2:36  Barracks  
  23  2:45  SCV  
  24  2:53  Barracks Reactor  
  24  2:57  SCV  
  25  2:58  Engineering Bay  
  25  3:02  Cyclone  
  28  3:09  SCV  
  29  3:16  Orbital Command  
  29  3:21  SCV  
  29  3:24  Marine  
  31  3:27  Orbital Command  
  31  3:30  Marine x2  
  31  3:34  SCV  
  34  3:39  Orbital Command  
  34  3:43  Siege Tank  
  37  3:54  Marine  
  37  3:55  Marine x2  
  40  4:00  SCV  
  41  4:11  SCV  
  41  4:14  Marine  
  41  4:15  Marine  
  42  4:26  SCV  
  42  4:30  Factory Tech Lab  
  43  4:36  SCV  
  43  4:38  SCV  
  45  4:46  Missile Turret  
  45  4:47  Marine  
  45  4:49  Stimpack  
  46  4:53  Supply Depot, Siege Tank, SCV x2, Marine x2  
  53  5:05  SCV, Starport  
  54  5:15  SCV, Supply Depot  
  54  5:18  SCV  
  54  5:19  Supply Depot  
  56  5:27  SCV  
  57  5:29  Siege Tank  
  57  5:32  Marine x2  
  62  5:36  Marine  
  62  5:42  Supply Depot  
  63  5:45  SCV x2  
  63  5:49  Refinery  
  65  5:54  Barracks, Starport Reactor  
  65  5:57  SCV x2  
  70  6:04  Siege Tank  
  70  6:07  Supply Depot  
  70  6:10  Marine  
  70  6:11  Marine  
  72  6:12  Marine  
  72  6:15  SCV x2  
  75  6:27  SCV x2  
  75  6:28  Refinery, Marine  
  75  6:29  Terran Infantry Weapons Level 1, Marine  
  75  6:30  Supply Depot  
  79  6:37  Siege Tank  
  81  6:41  SCV x2  
  78  6:55  Barracks Reactor, Viking x2  
  78  6:56  Barracks  
  78  6:59  SCV x2, Barracks  
  84  7:11  SCV x2  
  86  7:17  Command Center  
  86  7:22  Siege Tank  
  88  7:24  Marine x3  
  88  7:25  Medivac x2  
  95  7:37  Supply Depot  
  95  7:38  Supply Depot, Marine  
  95  7:39  Combat Shields, Marine  
  95  7:40  Supply Depot  
  95  7:42  Marine x3  
  99  7:52  Barracks Reactor x2  
  99  7:55  Engineering Bay  
  98  8:00  Armory  
  98  8:08  Marine  
  98  8:09  Marine x2  
  101  8:14  Marine x2  
  101  8:15  Medivac x2  
  107  8:20  Supply Depot x2  
  107  8:24  Supply Depot  
  107  8:26  Marine x2  
  109  8:32  Marine x3  
  109  8:33  Orbital Command  
  112  8:41  Terran Infantry Armor Level 1  
  112  8:46  Marine x3  
  112  8:47  Siege Tank, Marine  
  112  8:48  Medivac  
  121  8:55  Marine  
  121  8:59  Marine x2  
  124  9:05  Terran Infantry Weapons Level 2  
  124  9:09  Orbital Command  
  123  9:36  Marine  
  123  9:37  Marine x6  
  123  9:38  Siege Tank  
  132  9:47  Marine  
  132  9:48  Marine  
  134  9:54  Marine x2  
  134  9:58  Marine x4  
  140  10:02  Factory  
  140  10:04  Marine  
  140  10:05  Marine  
  140  10:06  Refinery  
  142  10:07  Refinery, Barracks x2  
  142  10:08  Barracks  
  142  10:13  Command Center  
  142  10:14  Marine x3  
  142  10:15  Siege Tank  
  133  10:47  Siege Tank  
  123  11:06  Marine  
  123  11:07  Marine x11  
  123  11:08  Factory Tech Lab  
  123  11:09  Medivac  
  137  11:19  Siege Tank  
  137  11:24  Marine x4  
  144  11:29  Marine x2  
  139  11:49  Marine x6  
  139  11:51  Siege Tank  
  148  12:02  Marine  
  148  12:03  Marine x5  
  148  12:06  Marine  
Tags
 
Add a new tag
Caveats
  • Supply blocks, unpowered buildings, or Contaminate may cause inaccurate times.
  • Supply counts are checked every 10 seconds.